 Dungeon Crawl Stone Soup version 0.30-a0-4-ga7cffc901d (webtiles) character file.

Game seed: 17842856452926365386

55 drugrobin the Sneak (level 3, -2/30 HPs)
             Began as a Demigod Delver on Aug 20, 2022.
             Slain by a gnoll
             ... wielding a +0 vorpal flail
              (6 damage)
             ... on level 2 of the Dungeon.
             The game lasted 00:05:49 (1742 turns).

drugrobin the Sneak (Demigod Delver)                Turns: 1742, Time: 00:05:50

Health: -2/30      AC:  4    Str: 13    XL:     3   Next: 45%
Magic:  5/5        EV: 12    Int: 12    God:
Gold:   17         SH:  0    Dex: 19    Spells: 2/2 levels left

rFire   . . .      SeeInvis .    a - +0 short sword
rCold   . . .      Faith    .    (no shield)
rNeg    . . .      Spirit   .    b - +0 leather armour
rPois   .          Reflect  .    m - +1 hat
rElec   .          Harm     .    (no cloak)
rCorr   .          Rampage  .    (no gloves)
Will    .....                    (no boots)
Stlth   +++.......               (no amulet)
HPRegen 0.10/turn                (no ring)
MPRegen 0.09/turn                (no ring)

@: on berserk cooldown, slowed, very slow
A: high MP 1, forlorn, divine attributes
a: no special abilities


You were on level 2 of the Dungeon.
You visited 1 branch of the dungeon, and saw 5 of its levels.

You collected 51 gold pieces.
You spent 34 gold pieces at shops.

Inventory:

Hand Weapons
 a - a +0 short sword (weapon)
Missiles
 i - 7 poisoned darts
 j - 2 javelins (quivered)
Armour
 b - a +0 leather armour (worn)
 m - a +1 hat (worn)
Jewellery
 k - a ring of fire
Scrolls
 c - a scroll of fog
 d - 2 scrolls of vulnerability {unknown}
 f - 2 scrolls of magic mapping
 l - a scroll of enchant armour {unknown}
 n - a scroll of noise {unknown}


   Skills:
 - Level 2.6 Fighting
 * Level 3.4 Short Blades
 - Level 1.7 Dodging
 + Level 4.8 Stealth


You had 2 spell levels left.
You didn't know any spells.
Your spell library contained the following spells:

 Spells                   Type           Power      Damage    Failure   Level
 Apportation              Tloc           0%         N/A       38%         1
 Necrotise                Necr           0%         1d4       38%         1
 Summon Small Mammal      Summ           0%         N/A       38%         1
 Tukima's Dance           Hex            0%         N/A       77%         3
 Passage of Golubria      Tloc           0%         N/A       99%         4
 Yara's Violent Unravell  Hex/Tmut       0%         3d3       100%        5


Dungeon Overview and Level Annotations

Branches:
Dungeon (5/15)
 Temple: D:4-7

Shops:
D:1 *(((!   D:5 *

Annotations:
D:3 Grinder
D:5 Blork the orc


Innate Abilities, Weirdness & Mutations

You have an increased reservoir of magic. (+10% MP)
You shall have no god before yourself.
Your divine heritage dramatically boosts your attributes as you level up.


Message History

Unknown command.
Unknown command.
Unknown command.
You completely miss the kobold.
The kobold is moderately wounded.
The gnoll hits you with a +0 vorpal flail!
* * * LOW HITPOINT WARNING * * *
x2 The kobold hits you but does no damage.
Unknown command.
Unknown command.
Unknown command.
Unknown command.
Unknown command.
You feel much better.
The gnoll hits you with a +0 vorpal flail.
The kobold hits you but does no damage. The kobold hits you with a +0 whip.
The gnoll closely misses you.
Unknown command.
Unknown command.
You closely miss the kobold.
The kobold is moderately wounded.
The gnoll barely misses you. The kobold closely misses you.
Unknown command.
Unknown command.
Unknown command.
You closely miss the kobold.
The kobold is moderately wounded.
The gnoll hits you with a +0 vorpal flail.
The kobold hits you with a +0 whip.
Unknown command.
Unknown command.
Unknown command.
You hit the kobold.
The kobold is severely wounded.
The kobold hits you with a +0 whip.
* * * LOW HITPOINT WARNING * * *
The gnoll barely misses you. The kobold hits you with a +0 whip.
* * * LOW HITPOINT WARNING * * *
The gnoll hits you with a +0 vorpal flail.
You die...

###.....##### #..##......#
##...###.....#####.........#
#..########......†.........#
...÷........##.....##......#
...÷......###...##.##......#
..............#..#.##......#
.........>######..g#########
.......>..# ######>#####
..........# #...@g.....#
..........# #....K.....#
#.........# #..........#
#.....<...# ############
#.........# ###########


You could see a gnoll and a kobold.

Vanquished Creatures
  A gnoll (D:2)
  An adder (D:2)
  A dart slug (D:1)
  An orc (D:5)
  A bat (D:1)
  An endoplasm (D:2)
  2 giant cockroaches
  5 goblins (D:1)
  A hobgoblin (D:1)
  4 jackals (D:1)
  2 quokkas (D:1)
  3 ball pythons
  5 frilled lizards
  A kobold (D:1)
  5 rats
34 creatures vanquished.

Notes
Turn   | Place    | Note
-------+----------+-------------------------------------------
     0 | D:5      | drugrobin the Demigod Delver began the quest for the Orb.
     0 | D:5      | Reached XP level 1. HP: 18/18 MP: 3/3
    10 | D:5      | Noticed a centaur
    78 | D:5      | Found Laihao's General Store.
   130 | D:5      | Noticed a wraith
   168 | D:5      | Noticed Blork the orc
   187 | D:5      | Noticed a jelly
   196 | D:4      | Noticed an orc priest
   197 | D:4      | Noticed an orc priest
   222 | D:3      | Noticed Grinder
   396 | D:1      | Reached XP level 2. HP: 17/25 MP: 4/4
   508 | D:1      | Found Jomy's Weapon Emporium.
   763 | D:1      | Found Suurog's Weapon Shoppe.
   794 | D:1      | Bought 5 poisoned darts for 24 gold pieces
   840 | D:1      | Found Xeafic's Weapon Shoppe.
  1187 | D:1      | Found Sept's General Store.
  1240 | D:1      | Found Niejus's Distillery.
  1245 | D:1      | Bought a potion of degeneration for 10 gold pieces
  1507 | D:2      | Reached XP level 3. HP: 30/30 MP: 5/5
  1742 | D:2      | Slain by a gnoll

Illustrated notes

Levels and vault maps discovered:
D:1:      ncdulo_smallfort, layout_loops_ring, serial_shops,
          nicolae_shop_advertising_works [nicolae_subvault_shop_adworks], shop,
          shop, nicolae_shop_crystal, nicolae_shop_crystal
D:2:      layout_rooms, uniq_terence
D:3:      layout_basic, chequers_ecumenical_altar_simple_redux, uniq_grinder,
          uniq_sigmund, uniq_robin
D:4:      minmay_octagon_keep, layout_basic
D:5:      layout_layer_cave, mainiacjoe_overflow_tiny_flanked,
          nicolae_inconvenience_store, minmay_a_box_with_orc_wizards_in_it,
          uniq_blork_the_orc

Skill      XL: |  1  2 |
---------------+-------+-----
Short Blades   | 2 3 |  3.4
Fighting       | |  2.6
Dodging        | |  1.7
Stealth        | |  4.8

Action                   || total
-------------------------++-------
Melee: Short sword       ||   141
       Punch             ||     1
Throw: Javelin           ||     2
Evoke: Wand              ||     3
  Use: Scroll            ||     3
       Potion            ||     5
 Stab: Sleeping          ||     5
Armor: Leather armour    ||    47
Dodge: Dodged            ||   114

Table legend: (Time is in decaauts)
 A = Elapsed time spent in this place.
 B = Non-inter-level travel time spent in this place.
 C = Inter-level travel time spent in this place.
 D = Time resting spent in this place.
 E = Time spent auto-exploring this place.
 F = Levels seen in this place.
 G = Mean time per level.
                   A        B        C        D        E       F      G
               +--------+--------+--------+--------+--------+-----+--------+
         Total |   1721 |   1706 |     15 |    242 |    866 |   5 |  344.2 |
       Dungeon |   1721 |   1706 |     15 |    242 |    866 |   5 |  344.2 |
               +--------+--------+--------+--------+--------+-----+--------+

Top non-repeatable levels by time:
     D:1: 1195 daAuts
     D:2: 299 daAuts
     D:5: 186 daAuts
     D:3: 36 daAuts
     D:4: 3 daAuts
